 Dungeon Crawl Stone Soup version 0.31-a0-844-gdc52ec4e09 (webtiles) character file.

Game seed: 1805407782090952689

32092 freelancePsychic the Mimic (level 14, -19/141 HPs)
             Began as a Kobold Hunter on Sept 28, 2023.
             Was an Initiate of Gozag.
             Demolished by a titanic slime creature (64 damage)
             ... on level 13 of the Dungeon on Sept 29, 2023.
             The game lasted 00:31:42 (19027 turns).

freelancePsychic the Mimic (Kobold Hunter)         Turns: 19027, Time: 00:31:42

Health: -19/141    AC: 27    Str: 19    XL:     14   Next: 0%
Magic:  14/14      EV: 23    Int: 12    God:    Gozag
Gold:   1558       SH:  0    Dex: 22    Spells: 13/13 levels left

rFire   . .          .
                       - Unarmed
rCold   . . .        (no shield)
rNeg    + . .        r - melded +0 leather armour {rF+}
rPois   ∞            v - +2 helmet
rElec   +            (no cloak)
rCorr   .            h - melded +0 pair of gloves
SInv    .            D - melded +0 pair of boots
Will    +....        z - amulet of the Pariah {Contam rPois Regen+ Str+3 Int+2}
Stlth   x              - +6 ring of strength
HPRegen 1.23/turn    q - ring of flight
MPRegen 0.14/turn

%: no passive effects
@: berserking (expiring), statue-form, gold aura, flying, quick
A: slow and powerful, torment resistance 1, small, no large weapons,
nightstalker 3
a: Begin Untransformation, Renounce Religion, Potion Petition, Call Merchant,
Bribe Branch


You were on level 13 of the Dungeon.
You worshipped Gozag.
Gozag was most pleased with you.
You were a living statue of rough stone.
You visited 3 branches of the dungeon, and saw 18 of its levels.

You collected 3119 gold pieces.
You spent 156 gold pieces at shops.
You paid 1405 gold pieces to Gozag.

Inventory:

Hand Weapons
 b - a +4 dagger of venom
Missiles
 n - 3 throwing nets
Armour
 c - a +0 leather armour
 h - a +0 pair of gloves (melded)
 r - a +0 leather armour of fire resistance (melded)
 v - a +2 helmet (worn)
 D - a +0 pair of boots (melded)
Jewellery
 d - a ring of see invisible
 q - a ring of flight (right fist)
 x - a +6 ring of strength (left fist)
 z - the amulet of the Pariah (around neck) {Contam rPois Regen+ Str+3 Int+2}
   (You acquired it on level 2 of the Lair of Beasts)

   [amulet of regeneration]

   Str+3:     It affects your strength (+3).
   Int+2:     It affects your intelligence (+2).
   rPois:     It protects you from poison Contam: It causes magical
   contamination when unequipped.
   Regen+:    It increases your rate of health regeneration.
Talismans
 g - a granite talisman (active)
Wands
 e - a wand of flame (22)
 l - a wand of roots (6)
 m - a wand of mindburst (10)
 p - a wand of charming (3)
 C - a wand of polymorph (4)
Scrolls
 t - 2 scrolls of revelation
 w - 3 scrolls of vulnerability
 y - a scroll of blinking
Potions
 a - a potion of ambrosia
 f - 3 potions of curing {@q1}
 i - 5 potions of degeneration
 j - 3 potions of cancellation
 k - 2 potions of mutation
 o - a potion of enlightenment
 s - a potion of might
 u - a potion of lignification {unknown}
 A - a potion of heal wounds {@q2}


   Skills:
 + Level 11.6 Fighting
 - Level 10.0 Short Blades
 - Level 6.2 Ranged Weapons
 - Level 10.0 Dodging
 - Level 5.6 Stealth
 * Level 6.7 Unarmed Combat
 + Level 13.9 Shapeshifting


You had 13 spell levels left.
You didn't know any spells.
Your spell library contained the following spells:

 Spells                   Type           Power      Damage    Failure   Level
 Magic Dart               Conj           0%         1d3       32%         1
 Necrotise                Necr           0%         1d4       32%         1
 Blink                    Tloc           0%         N/A       45%         2
 Call Imp                 Summ           0%         N/A       45%         2
 Ensorcelled Hibernation  Hex/Ice        0%         N/A       45%         2
 Lesser Beckoning         Tloc           0%         N/A       45%         2
 Momentum Strike          Conj/Tloc      0%         3d8       45%         2
 Passwall                 Tmut/Erth      0%         N/A       45%         2
 Scorch                   Fire           0%         2d5       45%         2
 Call Canine Familiar     Summ           0%         N/A       69%         3
 Mephitic Cloud           Conj/Pois/Air  0%         N/A       69%         3
 Sigil of Binding         Hex            0%         N/A       69%         3
 Swiftness                Air            0%         N/A       69%         3
 Tukima's Dance           Hex            0%         N/A       69%         3
 Vampiric Draining        Necr           0%         2d6       69%         3
 Dimensional Bullseye     Hex/Tloc       0%         N/A       97%         4
 Flame Wave               Conj/Fire      0%         2d4       97%         4
 Iskenderun's Mystic Bla  Conj/Tloc      0%         2d3       97%         4
 Leda's Liquefaction      Hex/Erth       0%         N/A       97%         4
 Agony                    Necr           0%         N/A       100%        5
 Summon Cactus Giant      Summ           0%         N/A       100%        6


Dungeon Overview and Level Annotations

Branches:
Dungeon (14/15)            Temple (0/1) D:7            Lair (3/5) D:8
  Swamp (0/4) Lair:2        Snake (0/4) Lair:2          Orc (1/2) D:9
 Vaults: D:13-14

Altars:
Elyvilon
Gozag
Kikubaaqudgha
Okawaru
Qazlal
Ru
Sif Muna
Uskayaw
Yredelemnul
Zin

Shops:
D:1 !   D:14 !

Portals:
Trove: D:14 (give +4 ice dragon scales)

Annotations:
D:3 3 runed translucent doors, Splishie's ghost, amateur GnMo
D:8 exclusion: two-headed ogre
D:11 exclusions: gargoyle and two-headed ogre
D:14 Louise
Lair:1 2 transporters, exclusion: orange demon, Amaemon
Lair:2 exclusions: hydra and salamander
Lair:3 exclusion: hydra, Fannar; Nergalle


Innate Abilities, Weirdness & Mutations

You are a living statue of rough stone.
Your actions are slow, but your melee attacks are powerful.
You are resistant to unholy torment.
Your equipment is partially melded.
You are small and have problems with some larger weapons.
You are immune to poison.
You are completely attuned to the shadows.


Message History

You have reached level 14!
You pummel the vault guard!!
The vault guard is moderately wounded.
The very large slime creature misses you.
The troll completely misses you. The troll barely misses you.
The troll claws you but does no damage. The slime creature hits you!
The vault guard hits you but does no damage.
You closely miss the vault guard.
The vault guard is moderately wounded.
The troll bites you but does no damage.
The troll claws you but does no damage. x2
The slime creature hits you but does no damage.
The very large slime creature completely misses you.
The vault guard hits you with a +3 great sword of electrocution!
You punch the vault guard!
The vault guard is heavily wounded.
The very large slime creature misses you.
Two slime creatures merge to form an enormous slime creature.
The slime creature hits you but does no damage.
The troll closely misses you. x2; The troll barely misses you.
The vault guard hits you with a +3 great sword of electrocution!
You punch the vault guard!
The vault guard is severely wounded.
The troll completely misses you. The troll barely misses you.
The troll claws you.
Two slime creatures merge to form a titanic slime creature.
The slime creature misses you. The vault guard completely misses you.
You hit the vault guard but do no damage.
The vault guard is severely wounded.
You hit the vault guard but do no damage.
The vault guard is severely wounded.
The troll bites you but does no damage. The troll claws you but does no damage.
The troll closely misses you.
The slime creature hits you but does no damage.
The vault guard hits you with a +3 great sword of electrocution!
You pummel the vault guard!!
You kill the vault guard!
The slime creature hits you but does no damage.
The troll misses you. x3; The titanic slime creature hits you!!!
You die...
Your body crumbles into a pile of gold.

J...J......>....#
................#
..J.............#
................#
................#####
.....................
.).........^.........
...TJJ..........####.
....8$..........# #.
.####.(... .....# #.
#..>.. .....# #.
#..... .....# #.
#..... .....####.
#..... ..........
####..... ..........
......... .....#####
......... .....#


You could see a titanic slime creature, a slime creature and a troll.

Vanquished Creatures
  A vault guard (D:13)
  2 catoblepae
  3 centaur warriors
  A boulder beetle (D:14)
  3 two-headed ogres
  A tengu warrior (D:13)
  7 death yaks
  Pikel (D:7)
  An orc knight (D:14)
  4 ugly things (D:14)
  A cyclops (D:11)
  A black mamba (Lair:1)
  A cane toad (shapeshifter) (D:14)
  3 cane toads
  A gargoyle (D:11)
  A rime drake (Lair:1)
  Psyche (D:10)
  4 kobold demonologists
  A komodo dragon (Lair:1)
  4 trolls
  5 blink frogs (Lair:3)
  2 hornets
  Prince Ribbit (D:7)
  3 dream sheep (Lair:3)
  A shadow (D:9)
  A wyvern (D:9)
  27 yaks
  4 wraiths
  A vampire (D:14)
  A basilisk (Lair:1)
  Menkaure (D:7)
  14 vampire mosquitoes
  3 nagas (Lair:2)
  3 water moccasins
  2 swamp worms (Lair:2)
  A black bear (D:6)
  2 orc warriors
  9 wolves
  4 centaurs
  A phantom (D:9)
  6 kobold brigands
  10 bullfrogs
  3 gnoll sergeants
  2 scorpions
  12 wights
  A troll zombie (D:9)
  7 killer bees
  3 electric eels
  9 orc priests
  4 jellies
  A gnoll bouda (D:10)
  3 hounds
  2 iguanas (D:5)
  A sleepcap (D:6)
  11 orc wizards
  7 ogre zombies (D:9)
  19 gnolls
  5 adders
  5 white imps
  An ufetubus (D:5)
  An adder zombie (D:3)
  2 dart slugs
  25 orcs
  7 ball pythons
  4 bats
  5 endoplasms
  2 giant cockroaches
  8 goblins
  4 hobgoblins
  7 jackals
  4 quokkas
  A frilled lizard (D:3)
  2 goblin skeletons (D:9)
  A goblin zombie (D:9)
  2 hobgoblin skeletons (D:9)
  5 hobgoblin zombies (D:9)
  21 kobolds
  3 orc skeletons (D:9)
  12 orc zombies (D:9)
  A quokka zombie (D:3)
  4 rats
361 creatures vanquished.

Notes
Turn   | Place    | Note
-------+----------+-------------------------------------------
     0 | D:1      | freelancePsychic the Kobold Hunter began the quest for the
                  | Orb.
     0 | D:1      | Reached XP level 1. HP: 12/12 MP: 1/1
    56 | D:1      | Reached XP level 2. HP: 18/18 MP: 2/2
   284 | D:1      | Found Kepan Ohi's Distillery.
   643 | D:1      | Reached XP level 3. HP: 18/22 MP: 3/3
  1040 | D:1      | Bought a potion of curing for 39 gold pieces
  1709 | D:2      | Reached XP level 4. HP: 26/27 MP: 4/4
  2224 | D:3      | Reached skill level 1 in Short Blades
  2527 | D:4      | Reached XP level 5. HP: 32/32 MP: 5/5
  2928 | D:4      | Found a sacrificial altar of Ru.
  2929 | D:4      | Found a hide-covered altar of Uskayaw.
  2931 | D:4      | Found an opulent altar of Gozag.
  2934 | D:4      | Found an ancient bone altar of Kikubaaqudgha.
  2937 | D:4      | Found a glowing silver altar of Zin.
  3107 | D:4      | Became a worshipper of Gozag Ym Sagoz the Greedy
  3150 | D:5      | Entered Level 5 of the Dungeon
  3188 | D:5      | Reached XP level 6. HP: 20/38 MP: 6/6
  4384 | D:3      | Found a runed translucent gate.
  4385 | D:3      | Found a runed translucent gate.
  4385 | D:3      | Noticed Splishie's ghost (amateur GnMo)
  4386 | D:3      | Found a runed translucent gate.
  4387 | D:3      | Found a basalt altar of Yredelemnul.
  4617 | D:3      | Reached skill level 5 in Short Blades
  4617 | D:3      | Reached XP level 7. HP: 30/43 MP: 7/7
  5097 | D:6      | Reached skill level 5 in Dodging
  5239 | D:6      | Noticed a water moccasin
  5269 | D:6      | Killed a water moccasin
  5270 | D:6      | Reached skill level 5 in Fighting
  5270 | D:6      | Reached XP level 8. HP: 49/49 MP: 8/8
  5493 | D:6      | Found a shimmering blue altar of Sif Muna.
  5814 | D:7      | Noticed Menkaure
  5818 | D:7      | Killed Menkaure
  6011 | D:7      | Noticed Prince Ribbit
  6024 | D:7      | Killed Prince Ribbit
  6158 | D:7      | Found a staircase to the Ecumenical Temple.
  6159 | D:7      | Noticed Pikel
  6173 | D:7      | Killed Pikel
  6174 | D:7      | Reached XP level 9. HP: 56/56 MP: 9/9
  6626 | D:7      | Reached skill level 10 in Short Blades
  6901 | D:8      | Noticed a death yak
  6901 | D:8      | Noticed a death yak
  6903 | D:8      | Noticed a death yak
  7123 | D:7      | Reached skill level 1 in Shapeshifting
  7392 | D:8      | Noticed a death yak
  7411 | D:8      | Killed a death yak
  7412 | D:8      | Reached skill level 2 in Shapeshifting
  7412 | D:8      | Reached XP level 10. HP: 56/64 MP: 10/10
  7459 | D:8      | Found a staircase to the Lair.
  7605 | D:8      | Noticed a death yak
  7607 | D:8      | Reached skill level 3 in Shapeshifting
  7911 | D:8      | Noticed a death yak
  7912 | D:8      | Noticed a death yak
  7914 | D:8      | Noticed a death yak
  7920 | D:8      | Noticed a death yak
  7921 | D:8      | Killed a death yak
  7922 | D:8      | Reached skill level 4 in Shapeshifting
  8065 | D:8      | Noticed a two-headed ogre
  8767 | D:9      | Reached skill level 5 in Shapeshifting
  8775 | D:9      | Reached skill level 10 in Dodging
  8893 | D:9      | Found a stormy altar of Qazlal.
  9503 | D:9      | Reached XP level 11. HP: 71/71 MP: 11/11
  9617 | D:9      | Found a staircase to the Orcish Mines.
  9852 | D:9      | Found an iron altar of Okawaru.
  9883 | D:9      | Found a white marble altar of Elyvilon.
 10061 | D:10     | Entered Level 10 of the Dungeon
 10097 | D:10     | Reached skill level 10 in Fighting
 10099 | D:10     | Reached skill level 6 in Shapeshifting
 10275 | D:10     | Noticed Psyche
 10395 | D:10     | Identified the +2 trident "Qusupy" {elec, rF+}
 10615 | D:10     | Reached skill level 5 in Stealth
 11627 | D:10     | Noticed a two-headed ogre
 11833 | D:10     | Identified the amulet "Qolouc" {Reflect Int+3 SH+5 SInv}
 12340 | D:11     | Identified the +8 chain mail of Asceticism {+Inv rC+ Dex+2}
 12356 | D:11     | Reached skill level 7 in Shapeshifting
 12378 | D:11     | Noticed a cyclops
 12473 | D:11     | Killed a cyclops
 12494 | D:11     | Noticed a two-headed ogre
 12506 | D:11     | Killed a two-headed ogre
 12507 | D:11     | Reached skill level 8 in Shapeshifting
 12526 | D:11     | Noticed a two-headed ogre
 12527 | D:11     | Noticed a sun demon
 12617 | D:11     | Noticed a two-headed ogre
 13072 | D:11     | Reached skill level 9 in Shapeshifting
 13541 | Lair:1   | Entered Level 1 of the Lair of Beasts
 13704 | Lair:1   | Reached XP level 12. HP: 34/77 MP: 12/12
 14164 | Lair:1   | Found a transporter.
 14212 | Lair:1   | Found a transporter.
 14331 | Lair:1   | Reached skill level 10 in Shapeshifting
 14400 | Lair:1   | Noticed Amaemon
 15112 | Lair:2   | Paralysed by a hornet for 1 turns
 15301 | Lair:2   | Reached skill level 11 in Shapeshifting
 15631 | Lair:2   | Identified a scroll of acquirement
 15633 | Lair:2   | Acquired the amulet of the Pariah {Contam rPois Regen+
                  | Str+3 Int+2}
 15660 | Lair:2   | Noticed a seven-headed hydra
 15750 | Lair:2   | Noticed a five-headed hydra
 15881 | Lair:3   | Noticed a six-headed hydra
 15964 | Lair:3   | Noticed a death yak
 15970 | Lair:3   | Noticed a death yak
 15980 | Lair:3   | Noticed a death yak
 16007 | Lair:3   | Killed a death yak
 16008 | Lair:3   | Reached skill level 12 in Shapeshifting
 16022 | Lair:3   | Killed a death yak
 16298 | Lair:3   | Noticed Nergalle
 16468 | Lair:2   | Reached skill level 13 in Shapeshifting
 16501 | Lair:2   | Found a staircase to the Snake Pit.
 16535 | Lair:2   | Reached XP level 13. HP: 82/82 MP: 13/13
 16601 | Lair:2   | Found a staircase to the Swamp.
 17106 | Lair:3   | Reached skill level 1 in Unarmed Combat
 17108 | Lair:3   | HP: 1/76 [cloud of flame (11)]
 17284 | Lair:3   | Noticed a catoblepas
 17309 | Lair:3   | Killed a catoblepas
 17338 | Lair:3   | Noticed Fannar
 17475 | Orc:1    | Entered Level 1 of the Orcish Mines
 17480 | Orc:1    | Noticed an orc warlord
 17630 | D:10     | Killed Psyche
 17729 | D:11     | You are sucked into a shaft and drop 3 floors!
 17733 | D:14     | Noticed a centaur warrior
 17762 | D:14     | Killed a centaur warrior
 17881 | D:14     | Reached skill level 5 in Unarmed Combat
 18196 | D:14     | Noticed a centaur warrior
 18201 | D:14     | Killed a centaur warrior
 18204 | D:14     | Found Kecuafiwn's Distillery.
 18214 | D:14     | Bought a potion of might for 52 gold pieces
 18214 | D:14     | Bought a potion of heal wounds for 65 gold pieces
 18343 | D:14     | Found a portal to a secret trove of treasure.
 18362 | D:14     | Noticed a catoblepas
 18375 | D:14     | Killed a catoblepas
 18578 | D:14     | Noticed Louise
 18854 | D:13     | Noticed a vault guard
 18854 | D:13     | Noticed a vault guard
 18854 | D:13     | Noticed a vault guard
 18854 | D:13     | Noticed a vault guard
 18962 | D:13     | Noticed a centaur warrior
 18969 | D:13     | Killed a centaur warrior
 19021 | D:13     | Reached XP level 14. HP: 86/91 MP: 14/14
 19027 | D:13     | Demolished by a titanic slime creature

Illustrated notes

Levels and vault maps discovered:
D:1:      arrival_zaba_pyramid, layout_basic, serial_shops,
          nicolae_shop_real_fake_doors, minmay_misc_feat_secret_circle,
          minmay_pentomino_x2
D:2:      layout_basic
D:3:      layout_rooms, nicolae_yredelemnul_ghost_church
D:4:      layout_loops_cross, minitemple
D:5:      layout_gridville, chequers_jeans, chequers_serial_rivers_small_3
D:6:      layout_loops_ring, mainiacjoe_overflow_alcove_4
D:7:      layout_loops_ring, temple_green, kennysheep_generic_room_4,
          uniq_pikel, uniq_prince_ribbit1, uniq_menkaure
D:8:      layout_rooms, dpeg_lair_monsters
D:9:      layout_cave_pools, nicolae_qazlal_scattered_showers,
          mainiacjoe_overflow_two_lobes, zombieorc2_lemuel, st_stairs_7
D:10:     layout_layer_cave, uniq_psyche
D:11:     layout_loops_cross
D:12:     layout_cave_pools, ebering_ghost_reflecting_pool, moated_statue,
          kennysheep_small_circle
D:13:     layout_small_grid, lightli_vaults_fourway_checkpoint, uniq_erolcha
D:14:     layout_basic, bh_walls_and_bars, serial_shops, shop,
          nicolae_trove_entry_isolated, uniq_louise
Lair:1:   layout_regular_city, nzn_ghost_randoct, uniq_amaemon
Lair:2:   layout_chaotic_city, minmay_swamp_entry_worms,
          alex1729_snake_entry_snake, chequers_serial_rivers_micro_e,
          chequers_serial_rivers_micro_b, infiniplex_staircase_pool,
          serial_bayou_shore_a
Lair:3:   layout_gridlike, kennysheep_catoblepas_arena, uniq_nergalle,
          uniq_fannar
Orc:1:    layout_caves, nicolae_orc_tapped_out, uniq_maurice

Skill      XL: |  1  2  3  4  5  6  7  8  9 10 11 12 13 |
---------------+----------------------------------------+-----
Ranged Weapons | 6 |  6.2
Dodging        | 3 4 5 7 8 10 | 10.0
Fighting       | 3 4 5 6 7 9 10 11 | 11.6
Short Blades   | 2 3 5 6 9 10 | 10.0
Shapeshifting  | 2 5 9 13 | 13.9
Stealth        | 2 5 |  5.6
Unarmed Combat | 6 |  6.7

Action                     |  1- 3 |  4- 6 |  7- 9 | 10-12 | 13-15 || total
---------------------------+-------+-------+-------+-------+-------++-------
  Melee: Dagger            |       |   126 |   229 |  1233 |    71 ||  1659
         Punch             |       |     3 |     3 |    17 |    14 ||    37
         Unarmed           |       |       |       |       |   181 ||   181
   Fire: Shortbow          |    79 |    22 |     3 |     7 |       ||   111
 Invoke: Potion Petition   |       |       |       |       |     6 ||     6
  Evoke: Wand              |       |       |     7 |    14 |     4 ||    25
    Use: Scroll            |     5 |     5 |     5 |    15 |     4 ||    34
         Potion            |       |     2 |     4 |     5 |     3 ||    14
   Stab: Sleeping          |       |     9 |     5 |    13 |     8 ||    35
         Invisible         |       |       |     3 |     2 |       ||     5
         Distracted        |       |       |     1 |    11 |     2 ||    14
 Armour: Leather armour    |     9 |    49 |    63 |   285 |     8 ||   414
         Skin              |       |       |       |       |   194 ||   194
  Dodge: Dodged            |    20 |    61 |   145 |   724 |   353 ||  1303
  Block: Other             |       |       |       |    56 |       ||    56
   Form: Statue            |       |       |       |       |     1 ||     1

Table legend: (Time is in decaauts)
 A = Elapsed time spent in this place.
 B = Non-inter-level travel time spent in this place.
 C = Inter-level travel time spent in this place.
 D = Time resting spent in this place.
 E = Time spent auto-exploring this place.
 F = Levels seen in this place.
 G = Mean time per level.
                   A        B        C        D        E       F      G
               +--------+--------+--------+--------+--------+-----+--------+
         Total |  19428 |  18345 |   1083 |    680 |  14317 |  18 | 1079.3 |
       Dungeon |  15654 |  14759 |    895 |    567 |  11579 |  14 | 1118.1 |
          Lair |   3765 |   3579 |    186 |    113 |   2737 |   3 | 1255.0 |
  Orcish Mines |      8 |      7 |      1 |      0 |      0 |   1 |    8.0 |
               +--------+--------+--------+--------+--------+-----+--------+

Top non-repeatable levels by time:
    D:10: 2296 daAuts
  Lair:2: 1710 daAuts
     D:9: 1704 daAuts
     D:7: 1666 daAuts
    D:14: 1405 daAuts
  Lair:1: 1280 daAuts
    D:11: 1199 daAuts
     D:5: 1198 daAuts
     D:8: 1162 daAuts
     D:1: 1070 daAuts
     D:2: 1019 daAuts
     D:4: 946 daAuts
     D:6: 831 daAuts
  Lair:3: 774 daAuts
     D:3: 613 daAuts
